 Dungeon Crawl Stone Soup version 0.27.1-34-g3ba077fa99 (webtiles) character file.

Game seed: 15920924557521613733

294 cbfl8 the Covered (level 6, -1/53 HPs)
             Began as a Minotaur Fighter on Jan 18, 2022.
             Slain by a centaur (3 damage)
             ... on level 5 of the Dungeon.
             The game lasted 00:07:16 (4246 turns).

cbfl8 the Covered (Minotaur Fighter)                Turns: 4246, Time: 00:07:17

Health: -1/53      AC:  9    Str: 20    XL:     6   Next: 11%
Magic:  5/5        EV:  8    Int:  7    God:
Gold:   177        SH:  9    Dex: 10    Spells: 5/5 levels left

rFire    . . .     SeeInvis .   a - +0 war axe
rCold    . . .     Faith    .   c - +0 kite shield
rNeg     . . .     Spirit   .   b - +0 scale mail
rPois    .         Reflect  .   (helmet restricted)
rElec    .         Harm     .   (no cloak)
rCorr    .         Rampage  .   m - +0 pair of gloves
Will     .....                  w - +0 pair of boots
Stlth    ..........             (no amulet)
HPRegen  0.17/turn              (no ring)
MPRegen  0.09/turn              (no ring)

@: on berserk cooldown, slowed, very slow
A: horns 2, retaliatory headbutt
a: no special abilities


You were on level 5 of the Dungeon.
You visited 1 branch of the dungeon, and saw 5 of its levels.

You collected 177 gold pieces.

Inventory:

Hand Weapons
 a - a +0 war axe (weapon)
Armour
 b - a +0 scale mail (worn)
 c - a +0 kite shield (worn)
 j - a +0 buckler
 m - a +0 pair of gloves (worn)
 w - a +0 pair of boots (worn)
Jewellery
 r - a +6 ring of strength
Wands
 l - a wand of flame (21)
 o - a wand of iceblast (6)
 s - a wand of mindburst (13)
 u - a wand of acid (7)
Scrolls
 e - 6 scrolls of identify {unknown}
 f - a scroll of teleportation {unknown}
 g - 2 scrolls of magic mapping {unknown}
 n - a scroll of blinking {unknown}
 t - 3 scrolls of amnesia {unknown}
 v - a scroll of enchant armour {unknown}
Potions
 d - 2 potions of might
 h - a potion of ambrosia {unknown}
 i - a potion of flight
 k - a potion of heal wounds {unknown}


   Skills:
 + Level 4.5 Fighting
 + Level 5.1 Axes
 + Level 5.2 Armour
 + Level 1.3 Dodging
 + Level 0.4 Stealth
 + Level 4.6 Shields


You had 5 spell levels left.
You didn't know any spells.
Your spell library contained the following spells:

 Spells                   Type           Power      Damage    Failure   Level
 Magic Dart               Conj           0%         1d3       99%         1
 Shock                    Conj/Air       0%         1d3       99%         1
 Call Imp                 Summ           0%         N/A       100%        2
 Mephitic Cloud           Conj/Pois/Air  0%         N/A       100%        3
 Swiftness                Air            0%         N/A       100%        3
 Airstrike                Air            0%         N/A       100%        4


Dungeon Overview and Level Annotations

Branches:
Dungeon (5/15)
 Temple: D:4-7

Altars:
Vehumet

Shops:
D:3 [

Annotations:
D:3 1 runed translucent door, cbfl8's ghost, amateur MiNe


Innate Abilities, Weirdness & Mutations

You have a pair of horns on your head.
You reflexively headbutt those who attack you in melee.


Message History

The centaur unwields a +0 shortbow.
You block the centaur's attack.
The centaur kicks you but does no damage.
The centaur barely misses you. You furiously retaliate!
You headbutt the centaur, but do no damage.
The centaur kicks you.
* * * LOW HITPOINT WARNING * * *
You slash the centaur!
You headbutt the centaur, but do no damage.
The centaur is severely wounded.
The centaur closely misses you. You block the centaur's attack.
The centaur hits you.
* * * LOW HITPOINT WARNING * * *
The centaur kicks you but does no damage.
The centaur hits you.
* * * LOW HITPOINT WARNING * * *
You block the centaur's attack. x2; The centaur barely misses you.
You hit the centaur but do no damage.
The centaur is severely wounded.
The centaur hits you but does no damage.
You block the centaur's attack. x2; The centaur kicks you.
* * * LOW HITPOINT WARNING * * *
The centaur hits you but does no damage.
The centaur kicks you but does no damage.
Your shield and scale mail prevent you from hitting the centaur.
The centaur is severely wounded.
You block the centaur's attack. The centaur closely misses you.
You block the centaur's attack. x2; The centaur closely misses you.
You furiously retaliate!
You headbutt the centaur.
The centaur kicks you but does no damage.
Unknown command.
You closely miss the centaur.
The centaur is almost dead.
The centaur hits you but does no damage.
The centaur kicks you.
* * * LOW HITPOINT WARNING * * *
The centaur completely misses you. You block the centaur's attack.
The centaur hits you but does no damage.
The centaur kicks you but does no damage.
The centaur hits you.
You die...

...#....#...#......#
...'....#...#......#
...#....#...#......#
######'###..#......#
###...###..##.....#
.#......#....#.....#
.#......#....#.....#
.#......#....#.....#
.#..##..##.#....@c.######
###'######.#######......#
....# .. #......# ....#
... #......# ....# ....
#......# ....# .....
#......# ....# #......#
##### ######c.....#
#..........[#


You could see a centaur.

Vanquished Creatures
  An ogre (D:4)
  2 jellies
  An orc wizard (D:5)
  A gnoll (D:1)
  2 adders
  3 worms
  3 dart slugs
  9 orcs
  3 endoplasms
  5 giant cockroaches
  3 goblins
  10 hobgoblins
  2 jackals (D:2)
  7 kobolds
  4 quokkas
  5 ball pythons
  3 bats
  3 frilled lizards
  7 rats
74 creatures vanquished.

Notes
Turn   | Place    | Note
-------+----------+-------------------------------------------
     0 | D:1      | cbfl8 the Minotaur Fighter began the quest for the Orb.
     0 | D:1      | Reached XP level 1. HP: 19/19 MP: 0/0
   356 | D:1      | Reached XP level 2. HP: 27/27 MP: 1/1
   967 | D:1      | Reached XP level 3. HP: 33/33 MP: 2/2
  1682 | D:2      | Reached skill level 1 in Dodging
  1696 | D:2      | Reached XP level 4. HP: 40/40 MP: 3/3
  2494 | D:3      | Found a faded altar of an unknown god.
  2693 | D:3      | Found a radiant altar of Vehumet.
  3103 | D:3      | Found a runed translucent door.
  3108 | D:3      | Noticed a bullfrog
  3110 | D:3      | Noticed cbfl8's ghost (amateur MiNe)
  3147 | D:3      | Found Wautis's Antique Armour Boutique.
  3405 | D:4      | Noticed an ogre
  3417 | D:4      | Killed an ogre
  3418 | D:4      | Reached XP level 5. HP: 38/47 MP: 4/4
  3704 | D:4      | Reached skill level 5 in Armour
  3775 | D:5      | Entered Level 5 of the Dungeon
  3786 | D:5      | Reached skill level 5 in Axes
  4046 | D:5      | Reached XP level 6. HP: 49/53 MP: 5/5
  4246 | D:5      | HP: 2/53 [centaur (2)]
  4246 | D:5      | Slain by a centaur

Illustrated notes

Levels and vault maps discovered:
D:1:      dpeg_arrival_oval, layout_basic
D:2:      layout_basic
D:3:      layout_basic, vehumet_altar_wand_db, ebering_ghost_sewer_d,
          hellmonk_ecumenical_altar_heavens_door, serial_shops, shop,
          minmay_misc_feat_iff
D:4:      layout_rooms, minmay_small_thing
D:5:      layout_gridville, chequers_serial_rivers_room_a, uniq_sigmund

Skill      XL: |  1  2  3  4  5 |
---------------+----------------+-----
Shields        | 4 |  4.6
Fighting       | 4 |  4.5
Armour         | 4 5 |  5.2
Axes           | 3 4 5 |  5.1
Dodging        | 1 |  1.3
Stealth        | |  0.4

Action                   |  1- 3 |  4- 6 || total
-------------------------+-------+-------++-------
Melee: War axe           |    89 |    69 ||   158
       Headbutt          |    13 |    10 ||    23
  Use: Potion            |       |     3 ||     3
Armor: Scale mail        |    46 |    41 ||    87
Dodge: Dodged            |    43 |    28 ||    71
Block: Kite shield       |    59 |    70 ||   129
